Map: Polka LE

Players

Keilah

  • Race: Protoss Protoss
  • League: Master
  • Spawn Location: 5:00

Papa

  • Race: Terran Terran
  • Spawn Location: 5:00

ShipRiteMike - Winner!

  • Race: Zerg Zerg
  • League: Gold
  • Spawn Location: 11:00

Dantaro - Winner!

  • Race: Terran Terran
  • Spawn Location: 11:00

VOD

Have the link to the VOD?

Description

Time

  • Played on: Jan. 24, 2024, 8:54 p.m.
  • Length: 6:16
Show
View Real Time Build Order
Export as new Build Order

Keilah Protoss 

Build Orders: Blink Stalkers 

Get SALT Encoding   

  12  0:00  Probe  
  13  0:12  Probe  
  14  0:20  Pylon  
  14  0:24  Probe  
  15  0:38  Probe (Chrono Boost)  
  16  0:43  Gateway  
  16  0:48  Assimilator  
  16  0:49  Probe (Chrono Boost)  
  17  0:54  Probe (Chrono Boost)  
  18  0:58  Assimilator  
  18  1:04  Probe (Chrono Boost)  
  19  1:15  Probe (Chrono Boost)  
  20  1:20  Probe (Chrono Boost)  
  21  1:31  Probe  
  22  1:43  Probe  
  22  1:44  Cybernetics Core  
  23  1:53  Pylon  
  23  2:01  Pylon  
  23  2:11  Probe  
  24  2:19  Nexus, Stalker (Chrono Boost)  
  24  2:22  Warp Gate  
  26  2:26  Twilight Council  
  26  2:29  Probe  
  26  2:42  Stalker  
  26  2:43  Probe  
  29  2:55  Probe  
  29  2:56  Assimilator  
  30  3:00  Assimilator  
  30  3:05  Blink (Chrono Boost)  
  30  3:07  Probe  
  31  3:19  Probe (Chrono Boost)  
  32  3:25  Stalker  
  34  3:30  Probe (Chrono Boost)  
  35  3:35  Probe (Chrono Boost)  
  35  3:40  Probe  
  37  3:45  Probe  
  38  3:51  Stargate  
  38  3:52  Probe  
  38  3:53  Stargate  
  39  3:58  Probe  
  40  4:04  Probe  
  41  4:10  Probe  
  41  4:12  Stalker  
  41  4:17  Probe  
  45  4:23  Gateway  
  45  4:28  Gateway  
  45  4:31  Probe x2  
  47  4:38  Stalker  
  49  4:48  Fleet Beacon  
  49  4:52  Pylon  
  49  4:54  Probe  
  50  5:10  Stalker  
  46  5:26  Stalker x2  
  46  5:29  Probe x2  
  46  5:31  Pylon  
  48  5:41  Probe x2  
  50  5:45  Stalker  
  50  5:49  Stalker x2  
Show
View Real Time Build Order
Export as new Build Order

Papa Terran 

Build Orders: Gas First Reaper Expand 

Get SALT Encoding   

  12  0:00  SCV  
  13  0:12  SCV  
  14  0:25  Supply Depot  
  14  0:27  SCV  
  15  0:29  Refinery  
  15  0:47  SCV  
  15  0:48  Barracks  
  16  0:59  SCV  
  17  1:11  SCV  
  18  1:22  Refinery  
  18  1:23  SCV  
  19  1:36  Reaper  
  20  1:46  Command Center  
  20  1:50  Orbital Command  
  20  2:10  Supply Depot  
  20  2:17  Factory  
  20  2:21  Reaper  
  21  2:39  SCV  
  22  2:49  Refinery  
  22  3:00  SCV  
  22  3:05  Orbital Command, Factory Tech Lab  
  23  3:08  Refinery  
  23  3:13  SCV  
  24  3:25  SCV  
  25  3:27  Barracks Reactor  
  25  3:29  Siege Tank  
  28  3:36  SCV  
  28  3:37  SCV  
  28  3:41  Bunker  
  30  3:48  SCV  
  31  4:01  Siege Tank, SCV  
  35  4:04  SCV  
  36  4:12  Marine x2  
  36  4:13  SCV  
  36  4:16  SCV  
  38  4:25  SCV  
  38  4:28  SCV  
  38  4:30  Marine  
  41  4:33  Siege Tank  
  41  4:34  Supply Depot  
  41  4:35  Factory  
  41  4:37  SCV  
  45  4:44  SCV  
  46  4:56  Supply Depot, SCV x2  
  46  4:58  Supply Depot  
  42  5:08  SCV  
  36  5:19  Siege Tank  
  37  5:36  SCV  
  31  5:53  SCV  
Show
View Real Time Build Order
Export as new Build Order

ShipRiteMike Zerg - Winner!

Build Orders: Hatch First 

Get SALT Encoding   

  12  0:01  Drone  
  13  0:12  Overlord  
  13  0:16  Drone  
  14  0:30  Drone x2  
  16  0:36  Drone  
  17  0:46  Drone  
  18  0:57  Hatchery  
  18  1:01  Drone  
  18  1:03  Extractor  
  17  1:15  Spawning Pool  
  16  1:19  Drone  
  16  1:22  Drone  
  18  1:28  Drone  
  19  1:40  Evolution Chamber  
  19  1:42  Drone  
  19  1:49  Drone  
  20  2:02  Queen  
  20  2:05  Zerg Melee Weapons Level 1  
  22  2:22  Queen  
  24  2:23  Overlord  
  24  2:26  Drone x2  
  24  2:27  Zergling x2  
  27  2:38  Drone  
  28  2:46  Metabolic Boost  
  28  2:49  Zergling x4  
  30  2:55  Zergling x2, Drone  
  30  2:56  Zergling x2  
  33  3:13  Zergling x2  
  33  3:14  Zergling x4  
  33  3:16  Overlord  
  36  3:26  Hatchery  
  35  3:42  Drone  
  35  3:47  Overlord  
  36  3:49  Zergling x12  
  36  3:52  Zergling x2  
  43  4:00  Zergling x2  
  44  4:06  Zergling x8, Queen x2  
  52  4:32  Overlord x2  
  52  4:43  Zergling x12  
  50  5:03  Zergling x18  
  56  5:07  Zergling x10  
  57  5:17  Zergling x2  
  57  5:18  Zergling x4  
  56  5:26  Zergling x4  
  58  5:33  Zergling x6  
  57  5:36  Zergling x2  
  57  5:37  Zergling x2  
  55  5:45  Zergling x2  
  55  5:46  Zergling x2  
  55  5:51  Zergling x2  
  55  5:55  Zergling x2  
  55  5:56  Zergling x6  
Show
View Real Time Build Order
Export as new Build Order

Dantaro Terran - Winner!

Build Orders: 2 Factory, Mech 

Get SALT Encoding   

  12  0:00  SCV  
  13  0:12  SCV  
  14  0:17  Supply Depot  
  14  0:24  SCV  
  15  0:39  SCV  
  15  0:40  Barracks  
  16  0:45  Refinery  
  16  0:50  Refinery  
  16  0:54  SCV  
  17  1:06  SCV  
  18  1:29  Orbital Command, Marine  
  19  1:37  Factory  
  19  1:49  Marine  
  20  1:56  SCV  
  20  2:00  Supply Depot  
  21  2:05  Factory  
  21  2:09  Marine  
  21  2:15  SCV  
  23  2:23  Factory Tech Lab  
  23  2:27  Marine  
  25  2:37  SCV  
  25  2:42  Siege Tank  
  28  2:45  Marine  
  28  2:51  Factory Tech Lab  
  29  2:53  SCV  
  30  3:07  Marine  
  31  3:14  Siege Tank, Supply Depot  
  31  3:15  Siege Tank  
  31  3:18  SCV  
  38  3:22  Supply Depot  
  38  3:24  Marine  
  39  3:37  SCV  
  40  3:46  Cyclone  
  40  3:47  Cyclone  
  44  3:54  SCV  
  45  3:58  Hurricane Engines  
  45  4:06  SCV  
  43  4:25  Cyclone x2  
  43  4:27  SCV  
  48  4:47  Command Center  
  41  5:15  Cyclone x2  
  40  5:35  SCV  
  37  5:41  Factory  
  37  5:47  SCV  
Tags
 
Add a new tag
Caveats
  • Supply blocks, unpowered buildings, or Contaminate may cause inaccurate times.
  • Supply counts are checked every 10 seconds.